 Dungeon Crawl Stone Soup version 0.18.1-5-g4a78601 (webtiles) character file.

96 varam the Gusty (level 4, -8/24 HPs)
             Began as a Tengu Air Elementalist on May 9, 2016.
             Mangled by Terence
             ... wielding a +0 morningstar
              (9 damage)
             ... on level 3 of the Dungeon.
             The game lasted 00:07:57 (3213 turns).

varam the Gusty (Tengu Air Elementalist)            Turns: 3213, Time: 00:07:58

Health: -8/24      AC:  2    Str:  9    XL:     4   Next: 67%
Magic:  0/10       EV: 12    Int: 16    God:
Gold:   129        SH:  0    Dex: 14    Spells: 2 memorised, 6 levels left

rFire  . . .     SeeInvis .     m - +1 dagger (freeze)
rCold  . . .     Gourm    .     a - +0 robe
rNeg   . . .     Faith    .     (no shield)
rPois  .         Spirit   .     (helmet restricted)
rElec  .         Dismiss  .     (no cloak)
rCorr  .         Reflect  .     (no gloves)
SustAt .         Harm     .     (boots unavailable)
MR     .....                    (no amulet)
Stlth  ++........               (no ring)
                                (no ring)

@: not resistant to hostile enchantments, unstealthy
A: beak, talons 3
a: no special abilities


You were on level 3 of the Dungeon.
You were hungry.

You visited 1 branch of the dungeon, and saw 3 of its levels.

You collected 129 gold pieces.

Inventory:

Hand Weapons
 d - a +0 whip
 f - a +0 hand axe
 m - a +1 dagger of freezing (weapon)
Armour
 a - a +0 robe (worn)
Jewellery
 s - an uncursed ring of positive energy {unknown}
Scrolls
 e - a scroll of recharging {unknown}
 h - a scroll of identify {unknown}
 i - 2 scrolls of remove curse {unknown}
 k - a scroll of amnesia {unknown}
 n - a scroll of teleportation {unknown}
 p - a scroll of enchant armour {unknown}
 r - a scroll of blinking {unknown}
Potions
 g - a potion of lignification {unknown}
 o - a potion of curing {unknown}
 u - a potion of beneficial mutation {unknown}
Books
 b - a book of Air

   Spells                             Type                      Level
   a - Shock                          Conjuration/Air              1
   b - Swiftness                      Charms/Air                   2
   c - Repel Missiles                 Charms/Air                   2
   d - Static Discharge               Conjuration/Air              3
   e - Lightning Bolt                 Conjuration/Air              5
Comestibles
 c - 2 bread rations
 j - 4 fruits
 l - a beef jerky
 q - a meat ration


   Skills:
 - Level 2.1 Dodging
 - Level 2.0 Stealth
 * Level 3.5 Spellcasting
 + Level 2.4 Conjurations
 + Level 4.9 Air Magic


You had 6 spell levels left.
You knew the following spells:

 Your Spells              Type           Power        Failure   Level  Hunger
a - Shock                 Conj/Air       ##..         4%          1    None
b - Static Discharge      Conj/Air       ##......     12%         3    ###....


Dungeon Overview and Level Annotations

Branches:
Dungeon (3/15)

Altars:
Makhleb

Annotations:
D:3 Terence


Innate Abilities, Weirdness & Mutations

You have a beak for a mouth.
You have claws for feet.


Message History

The lightning arcs!
You are struck by lightning.
The lightning grounds out.
You are feeling hungry.
Terence says, "Time to say good-bye..."
Terence drinks a potion.
Terence seems to grow stronger.
Casting: Static Discharge
Confirm with . or Enter, or press ? or * to list all spells.
Terence is struck by lightning.
Terence is heavily wounded.
The lightning arcs!
You are struck by lightning.
The lightning grounds out.
Terence hits you with a morningstar!
Ouch! That really hurt!
* * * LOW HITPOINT WARNING * * *
Casting: Static Discharge
Confirm with . or Enter, or press ? or * to list all spells.
Terence is struck by lightning.
Terence is almost dead.
The lightning arcs!
You are struck by lightning.
* * * LOW HITPOINT WARNING * * *
The lightning grounds out.
Terence hits you with a morningstar!
You die...

....... #.. ..
#.. .. .. ##.
###.# #.. ....
.. #.. .#
####..#@#
#...$.@.#
...##..........
#...........
.............
..#.#.#........
#...#...##..###
..# ##.$# .##
## ..# ..


You could see Terence.

Vanquished Creatures
  4 adders (D:2)
  2 worms (D:2)
  A dart slug (D:2)
  3 giant geckos (D:1)
  An orc (D:3)
  4 bats
  2 giant cockroaches (D:1)
  6 goblins
  8 hobgoblins
  A quokka (D:2)
  2 giant newts
  8 kobolds
  4 rats
46 creatures vanquished.

Vanquished Creatures (others)
  A plant (D:1)
1 creature vanquished.

Grand Total: 47 creatures vanquished

Notes
Turn   | Place    | Note
--------------------------------------------------------------
     0 | D:1      | varam the Tengu Air Elementalist began the quest for the Orb.
     0 | D:1      | Reached XP level 1. HP: 10/10 MP: 4/4
   267 | D:1      | Reached XP level 2. HP: 7/15 MP: 4/6
  1071 | D:1      | Reached XP level 3. HP: 17/19 MP: 5/8
  1424 | D:1      | Learned a level 3 spell: Static Discharge
  2130 | D:2      | Reached XP level 4. HP: 24/24 MP: 2/10
  2820 | D:2      | Found a burning altar of Makhleb.
  3209 | D:3      | Noticed Terence
  3213 | D:3      | HP: 1/24 [/static electricity (3)]
  3213 | D:3      | Mangled by Terence

Skill      XL: |  1  2  3 |
---------------+----------+-----
Spellcasting   | 3 |  3.5
Conjurations   | 2 |  2.4
Dodging        | |  2.1
Stealth        | |  2.0
Air Magic      | |  4.9

Action                   |  1- 3 |  4- 6 || total
-------------------------+-------+-------++-------
Melee: Unarmed           |     1 |       ||     1
       Whip              |     1 |       ||     1
 Cast: Shock             |    78 |    28 ||   106
       Static Discharge  |       |     4 ||     4
  Eat: Chunk             |     4 |     3 ||     7
Armor: Robe              |     2 |     2 ||     4
Dodge: Dodged            |    13 |     7 ||    20
